 Seeded DCSS version 0.30-a0-1043-g60ff8d5f49 (webtiles) character file.

Game seed: 10352460324943366261 (custom seed)

297 GigaChad the Chopper (level 6, -8/48 HPs)
             Began as a Formicid Fighter on Apr 11, 2023.
             Mangled by an ogre
             ... wielding a +0 giant club
              (28 damage)
             ... on level 3 of the Dungeon.
             The game lasted 00:03:03 (2574 turns).

GigaChad the Chopper (Formicid Fighter)             Turns: 2574, Time: 00:03:03

Health: -8/48      AC:  8    Str: 29    XL:     6   Next: 62%
Magic:  6/6        EV:  8    Int:  7    God:
Gold:   151        SH:  9    Dex: 13    Spells: 5/5 levels left

rFire   . . .      SeeInvis +    a - +1 war axe
rCold   . . .      Faith    .    k - +0 kite shield
rNeg    . . .      Spirit   .    b - +0 scale mail
rPois   .          Reflect  .    (helmet unavailable)
rElec   .          Rampage  .    q - +0 cloak
rCorr   .                        (no gloves)
Will    .....                    (no boots) Stlth
                                 (no amulet)
HPRegen 0.28/turn                e - +6 ring of strength
MPRegen 0.10/turn                (no ring)

@: no status effects
A: permanent stasis, dig shafts and tunnels, antennae 3, four strong arms
a: Dig, Shaft Self


You were on level 3 of the Dungeon.
You visited 1 branch of the dungeon, and saw 3 of its levels.

You collected 151 gold pieces.

Inventory:

Hand Weapons
 a - a +1 war axe (weapon)
 p - a +4 quarterstaff of chaos
Armour
 b - a +0 scale mail (worn)
 c - a +0 buckler
 k - a +0 kite shield (worn)
 q - a +0 cloak (worn)
Jewellery
 e - a +6 ring of strength (left hand)
 m - a ring of magical power
 u - a ring of magical power
Wands
 r - a wand of flame (10)
Scrolls
 f - a scroll of fear
 g - a scroll of butterflies
 i - 4 scrolls of identify
 w - a scroll of acquirement {unknown}
Potions
 d - a potion of might
 h - a potion of degeneration {unknown}
 j - a potion of curing {unknown}
 l - a potion of flight {unknown}
 n - a potion of brilliance {unknown}
 o - 4 potions of lignification {unknown}
 s - 2 potions of ambrosia {unknown}
 t - a potion of attraction {unknown}
 v - a potion of magic {unknown}


   Skills:
 + Level 4.0 Fighting
 * Level 5.1 Axes
 + Level 4.2 Armour
 + Level 5.0 Shields


You had 5 spell levels left.
You didn't know any spells.
Your spell library contained the following spells:

 Spells                   Type           Power      Damage    Failure   Level
 Apportation              Tloc           0%         N/A       91%         1
 Kiss of Death            Conj/Necr      0%         2d5       91%         1
 Necrotise                Necr           0%         1d4       91%         1
 Slow                     Hex            0%         N/A       91%         1
 Summon Small Mammal      Summ           0%         N/A       91%         1
 Confusing Touch          Hex            0%         N/A       100%        3
 Vampiric Draining        Necr           0%         2d6       100%        3
 Dispel Undead            Necr           0%         3d6       100%        4


Dungeon Overview and Level Annotations

Branches:
Dungeon (3/15)

Altars:

Shops:
D:1 [


Innate Abilities, Weirdness & Mutations

You cannot be hasted, slowed, berserked, paralysed or teleported.
You can dig through walls and to a lower floor.
You have a pair of large antennae on your head. (SInv)
Your four strong arms can wield two-handed weapons with a shield.


Message History

No target in view!
No target in view!
An endoplasm comes into view.
The endoplasm quivers.
The endoplasm moves out of view.
No target in view!
An endoplasm is nearby!
An endoplasm is nearby!
You slash the endoplasm!
You kill the endoplasm!
No target in view!
No target in view!
You now have 151 gold pieces (gained 5).
You sense a monster nearby.
No target in view!
An ogre comes into view. It is wielding a +0 giant club.
The ogre shouts!
You hit the ogre.
The ogre is lightly wounded.
The ogre closely misses you.
An ogre is nearby!
You hit the ogre.
The ogre is lightly wounded.
You block the ogre's attack.
An ogre is nearby!
You barely miss the ogre.
The ogre is lightly wounded.
The ogre barely misses you.
An ogre is nearby!
You hit the ogre.
The ogre is moderately wounded.
The ogre hits you with a +0 giant club!!
Ouch! That really hurt!
You are too injured to fight recklessly!
You are too injured to fight recklessly!
You barely miss the ogre.
The ogre is moderately wounded.
The ogre hits you with a +0 giant club!!
Ouch! That really hurt!
You die...

#.###.........##.###..
#.........######.# ###
#.###.##..# #†#
#.###.##..# ##'##
#.........# ##...##
#.###...#.# ##.....##
#.####..#.###.......##
#.........##.........#
####.@.....+.........+
##O...###.........#
.#...# ##.......## .#
#..# ##.....## ## #.#
##...## .# ##'## # #.#
#.# ##.##


You could see an ogre.

Vanquished Creatures
  A bullfrog (D:3)
  Crazy Yiuf (D:2)
  Jessica (D:2)
  An iguana (D:3)
  An orc wizard (D:3)
  A gnoll (D:1)
  4 adders (D:2)
  A worm (D:2)
  2 dart slugs
  3 orcs (D:3)
  7 ball pythons
  11 endoplasms
  2 giant cockroaches (D:3)
  2 hobgoblins
  7 jackals
  7 kobolds
  3 quokkas
  5 bats
  3 frilled lizards (D:1)
  4 goblins
  3 rats
70 creatures vanquished.

Vanquished Creatures (others)
  8 plants (D:1)
8 creatures vanquished.

Grand Total: 78 creatures vanquished

Notes
Turn   | Place    | Note
-------+----------+-------------------------------------------
     0 | D:1      | GigaChad the Formicid Fighter began the quest for the Orb.
     0 | D:1      | Reached XP level 1. HP: 18/18 MP: 1/1
    63 | D:1      | Found a faded altar of an unknown god.
   129 | D:1      | Reached XP level 2. HP: 24/24 MP: 2/2
   213 | D:1      | Found Huege's Antique Armour Shoppe.
   245 | D:1      | Reached XP level 3. HP: 17/29 MP: 3/3
  1002 | D:2      | Reached XP level 4. HP: 34/37 MP: 4/4
  1055 | D:2      | Found a runed translucent door.
  1055 | D:2      | Noticed Jessica
  1056 | D:2      | Noticed Crazy Yiuf
  1531 | D:2      | Reached XP level 5. HP: 41/42 MP: 5/5
  1648 | D:2      | Killed Crazy Yiuf
  1648 | D:2      | Killed Jessica
  2127 | D:3      | Reached XP level 6. HP: 45/48 MP: 6/6
  2356 | D:3      | Reached skill level 5 in Shields
  2443 | D:3      | Reached skill level 5 in Axes
  2569 | D:3      | Noticed an ogre
  2574 | D:3      | Mangled by an ogre

Illustrated notes

Levels and vault maps discovered:
D:1:      roderic_crop_circles_arrival_large, layout_basic,
          dreamdust_ecumenical_altar_grove, serial_shops, shop, st_stairs_6
D:2:      layout_loops_ring, uniq_crazy_yiuf_cottage, uniq_jessica
D:3:      layout_loops_corners

Skill      XL: |  1  2  3  4  5  6 |
---------------+-------------------+-----
Axes           | 3 4 5 |  5.1
Armour         | 4 |  4.2
Fighting       | 4 |  4.0
Shields        | 5 |  5.0

Action                     |  1- 3 |  4- 6 || total
---------------------------+-------+-------++-------
  Melee: War axe           |    53 |    98 ||   151
    Use: Scroll            |       |     6 ||     6
 Armour: Scale mail        |    18 |    35 ||    53
  Dodge: Dodged            |    16 |    40 ||    56
  Block: Buckler           |    10 |       ||    10
         Kite shield       |     7 |    48 ||    55

Table legend: (Time is in decaauts)
 A = Elapsed time spent in this place.
 B = Non-inter-level travel time spent in this place.
 C = Inter-level travel time spent in this place.
 D = Time resting spent in this place.
 E = Time spent auto-exploring this place.
 F = Levels seen in this place.
 G = Mean time per level.
                   A        B        C        D        E       F      G
               +--------+--------+--------+--------+--------+-----+--------+
         Total |   2638 |   2560 |     78 |    343 |   1728 |   3 |  879.3 |
       Dungeon |   2638 |   2560 |     78 |    343 |   1728 |   3 |  879.3 |
               +--------+--------+--------+--------+--------+-----+--------+

Top non-repeatable levels by time:
     D:2: 1203 daAuts
     D:1: 848 daAuts
     D:3: 586 daAuts
